 Dungeon Crawl Stone Soup version 0.32-a0-473-gd044c6f0f0 (webtiles) character file.

Game seed: 5570522521317216330

93 runemasterragnar the Slasher (level 4, -2/35 HPs)
             Began as a Coglin Gladiator on Feb 25, 2024.
             Incinerated by a bombardier beetle (6 damage)
             ... with a burning spray
             ... on level 4 of the Dungeon.
             The game lasted 00:01:10 (1466 turns).

runemasterragnar the Slasher (Coglin Gladiator)     Turns: 1466, Time: 00:01:11

Health: -2/35      AC:  7    Str: 16    XL:     4   Next: 62%
Magic:  4/4        EV: 10    Int:  8    God:
Gold:   193        SH:  0    Dex: 15    Spells: 3/3 levels left

rFire   . . .        a - +0 long sword {Artakama}
rCold   . . .        (no shield)
rNeg    . . .        p - +0 scale mail
rPois   .            c - +0 helmet
rElec   .            (no cloak)
rCorr   .            (no gloves)
SInv    .            (no boots)
Will    .....        (no amulet) Stlth
                     (ring unavailable)
HPRegen 0.25/turn    (ring unavailable)
MPRegen 0.09/turn

%: no passive effects
@: brilliant, on fire, glowing, revved
A: off-hand wielding, slow wielding, warmup strikes, no rings
a: no special abilities


You were on level 4 of the Dungeon.
You visited 1 branch of the dungeon, and saw 3 of its levels.

You collected 193 gold pieces.

Inventory:

Hand Weapons
 a - a +0 long sword (weapon) {Artakama}
Missiles
 d - 3 throwing nets (quivered)
 e - a javelin
Armour
 b - a +0 leather armour
 c - a +0 helmet (worn)
 p - a +0 scale mail (worn)
Wands
 o - a wand of quicksilver (11)
Scrolls
 g - a scroll of enchant armour {unknown}
 h - 3 scrolls of identify {unknown}
 i - 2 scrolls of amnesia {unknown}
 l - a scroll of torment {unknown}
 q - a scroll of revelation {unknown}
Potions
 f - a potion of brilliance
 j - 2 potions of resistance {unknown}
 k - a potion of curing {unknown}
 m - a potion of haste {unknown}
 n - a potion of lignification {unknown}
 r - a potion of invisibility {unknown}
 s - a potion of cancellation {unknown}


   Skills:
 + Level 3.1 Fighting
 * Level 4.6 Long Blades
 - Level 1.7 Throwing
 - Level 2.6 Dodging


You had 3 spell levels left.
You didn't know any spells.
Your spell library was empty.

Dungeon Overview and Level Annotations

Branches:
Dungeon (2/15)

Altars:


Innate Abilities, Weirdness & Mutations

You can wield a second weapon in your off-hand.
It takes a long time for you to wield or remove held weapons.
Your first few attacks do less damage.
Your grasper-arms cannot wear rings.


Message History

The burning spray misses you.
You hit the bombardier beetle but do no damage.
You hit the bombardier beetle but do no damage.
The bombardier beetle sprays incendiary fluid at you.
The burning spray hits you.
You are covered in liquid fire!
You closely miss the bombardier beetle. The liquid fire burns you!
The bombardier beetle bites you but does no damage.
You hit the bombardier beetle.
The bombardier beetle is lightly wounded.
The liquid fire burns you!
The bombardier beetle bites you but does no damage.
You hit the bombardier beetle.
The bombardier beetle is heavily wounded.
The liquid fire burns you!
You hit the bombardier beetle.
The bombardier beetle is heavily wounded.
The liquid fire burns you!
The bombardier beetle barely misses you.
You barely miss the bombardier beetle.
The bombardier beetle is heavily wounded.
The liquid fire burns you! The bombardier beetle bites you.
You barely miss the bombardier beetle.
The bombardier beetle is heavily wounded.
The liquid fire burns you!
* * * LOW HITPOINT WARNING * * *
You slash the bombardier beetle!
You kill the bombardier beetle!
The liquid fire burns you!
* * * LOW HITPOINT WARNING * * *
An adder comes into view.
Your Fighting skill increases to level 3!
Unknown command.
You are on fire!
It was a potion of brilliance.
You feel clever all of a sudden. The liquid fire burns you!
You die...

#.....##.#.#
#######.....##.#.# .
.................#
###.##..####....†##.#.#
#....... #.....##.#.#
##.#.##.## ########.#.#
.S.......#### ##.....#.#
............###...####.#
#.....@...........)...#
#..###..######....###.#
#..# #.....# #.# #?.#
#.###.###.. ...# #.#
#..#### ###.# #.###..#
#.# #......#### #.#
##......... #.########


You could see an adder (wandering).

Vanquished Creatures
  A bombardier beetle (D:4)
  3 adders
  A ribbon worm (D:2)
  An orc (D:4)
  A giant cockroach (D:1)
  6 hobgoblins
  5 kobolds
  3 ball pythons
  3 frilled lizards
  4 goblins
  2 rats (D:1)
30 creatures vanquished.

Notes
Turn   | Place    | Note
-------+----------+-------------------------------------------
     0 | D:1      | runemasterragnar the Coglin Gladiator began the quest for
                  | the Orb.
     0 | D:1      | Reached XP level 1. HP: 16/16 MP: 1/1
   168 | D:1      | Reached XP level 2. HP: 22/22 MP: 2/2
   924 | D:2      | Reached XP level 3. HP: 22/28 MP: 3/3
  1009 | D:2      | Reached skill level 4 in Long Blades
  1262 | D:2      | You fall into a shaft and drop 2 floors!
  1411 | D:4      | Reached XP level 4. HP: 34/34 MP: 4/4
  1466 | D:4      | Incinerated by a bombardier beetle

Illustrated notes

Levels and vault maps discovered:
D:1:      dpeg_arrival_ternary, layout_basic, hangedman_glass_teeth,
          minmay_misc_feat_nine_boxes, dreamdust_wishing_well,
          minmay_three_crescents
D:2:      layout_loops_ring
D:4:      layout_loops_ring, gammafunk_temple_overflow_wave,
          uniq_crazy_yiuf_cottage

Skill      XL: |  1  2  3  4 |
---------------+-------------+-----
Long Blades    | 4 |  4.6
Fighting       | 3 |  3.1
Throwing       | |  1.7
Dodging        | |  2.6

Action                     |  1- 3 |  4- 6 || total
---------------------------+-------+-------++-------
  Melee: Long sword        |   103 |    10 ||   113
    Use: Potion            |       |     1 ||     1
   Stab: Sleeping          |     1 |       ||     1
 Armour: Leather armour    |    45 |       ||    45
         Scale mail        |     5 |     3 ||     8
  Dodge: Dodged            |    57 |     2 ||    59

Table legend: (Time is in decaauts)
 A = Elapsed time spent in this place.
 B = Non-inter-level travel time spent in this place.
 C = Inter-level travel time spent in this place.
 D = Time resting spent in this place.
 E = Time spent auto-exploring this place.
 F = Levels seen in this place.
 G = Mean time per level.
                   A        B        C        D        E       F      G
               +--------+--------+--------+--------+--------+-----+--------+
         Total |   1491 |   1486 |      5 |      0 |   1229 |   3 |  497.0 |
       Dungeon |   1491 |   1486 |      5 |      0 |   1229 |   3 |  497.0 |
               +--------+--------+--------+--------+--------+-----+--------+

Top non-repeatable levels by time:
     D:1: 906 daAuts
     D:2: 376 daAuts
     D:4: 208 daAuts
